 Dungeon Crawl Stone Soup version 0.18-a0-1435-gee79d65 (webtiles) character file.

44 Foomius the Grave Robber (level 3, -2/28 HPs)
             Began as a Demonspawn Necromancer on Feb 28, 2016.
             Was an Initiate of Ashenzari.
             Killed from afar by Robin (5 damage)
             ... with a wand of flame
             ... on level 2 of the Dungeon.
             The game lasted 00:04:52 (1860 turns).

Foomius the Grave Robber (Demonspawn Necromancer)   Turns: 1860, Time: 00:04:52

Health: -2/28      AC:  2    Str:  8    XL:     3   Next: 41%
Magic:  0/6        EV: 12    Int: 17    God:    Ashenzari [......]
Gold:   63         SH:  0    Dex: 13    Spells: 3 memorised, 1 level left

rFire  + . .     SeeInvis .     d - -3 club (curse)
rCold  . . .     Gourm    .     a - +0 robe
rNeg   . . .     Faith    .     (no shield)
rPois  .         Spirit   .     (no helmet)
rElec  .         Dismiss  .     (no cloak)
rCorr  .         Reflect  .     (no gloves)
SustAt .         Harm     .     (no boots)
MR     .....                    (no amulet)
Stlth  ++........               (no ring)
                                (no ring)

@: lethally poisoned (-2 -> -4), not resistant to hostile enchantments,
unstealthy
A: fire resistance 1, powered by pain 1
a: Curse Item, Renounce Religion


You were on level 2 of the Dungeon.
You worshipped Ashenzari.
Ashenzari was noncommittal.
You were not hungry.

You visited 1 branch of the dungeon, and saw 2 of its levels.

You collected 63 gold pieces.

Inventory:

Hand Weapons
 d - a cursed -3 club (weapon)
 f - a +0 dagger of venom
Missiles
 k - 65 stones
 l - a javelin (quivered)
Armour
 a - a +0 robe (worn)
Scrolls
 e - a scroll of teleportation {unknown}
 g - 2 scrolls of identify {unknown}
 i - a scroll of immolation {unknown}
Books
 b - a book of Necromancy

   Spells                             Type                      Level
   a - Pain                           Necromancy                   1
   b - Animate Skeleton               Necromancy                   1
   c - Vampiric Draining              Necromancy                   3
   d - Regeneration                   Charms/Necromancy            3
   e - Animate Dead                   Necromancy                   4
   f - Control Undead                 Necromancy                   4
Comestibles
 c - 2 bread rations
 j - a meat ration


   Skills:
 - Level 2.7 Fighting
 - Level 1.7 Dodging
 - Level 1.7 Stealth
 + Level 2.1 Spellcasting
 + Level 4.6 Necromancy


You had one spell level left.
You knew the following spells:

 Your Spells              Type           Power        Failure   Level  Hunger
a - Pain                  Necr           ###.         2%          1    #......
b - Animate Skeleton      Necr           N/A          2%          1    #......
v - Vampiric Draining     Necr           ###.......   10%         3    ###....


Dungeon Overview and Level Annotations

Branches:
Dungeon (2/15)

Altars:
Ashenzari

Annotations:
D:2 Robin


Innate Abilities, Weirdness & Mutations

Your flesh is heat resistant.
You sometimes gain a little power by taking damage.


Message History

* * * LOW HITPOINT WARNING * * *
You feel sick.
You see here 9 gold pieces.
You aren't carrying any potions.
You aren't carrying any items that can be evoked.
Your rat skeleton barely misses the adder.
Robin roars a battlecry!
The goblin goes into a battle-frenzy!
The goblin hits your rat skeleton with a club.
You hear a shout!
* * * LOW HITPOINT WARNING * * *
You feel sick.
Robin roars a battlecry!
The goblin goes into a battle-frenzy!
The goblin throws a stone.
The stone hits your rat skeleton but does no damage.
The goblin hits your rat skeleton with a club.
The goblin throws a stone.
The stone hits your rat skeleton.
Robin zaps a wand.
The puff of flame hits you! You resist.
You die...

r# ..## #.. #... ..
.##### ##.# .... #..#
..#######
%#####.######.......#
........gZ.Sg.@......#
.####.#g###..####....#
#.g.# #.## ### ###..##
#.# #.....###.#
########..# ...##.....#
###...<....#
#g...##...####...########
..##....#.###..###
#..........##


You could see Robin, an adder, 2 goblins and a friendly rat skeleton.

Vanquished Creatures
  An adder (D:2)
  2 oozes (D:1)
  A dart slug (D:1)
  2 bats (D:1)
  10 goblins
  2 hobgoblins
  3 kobolds
  4 rats
25 creatures vanquished.

Notes
Turn   | Place    | Note
--------------------------------------------------------------
     0 | D:1      | Foomius the Demonspawn Necromancer began the quest for the Orb.
     0 | D:1      | Reached XP level 1. HP: 13/13 MP: 3/3
    80 | D:1      | Reached skill level 1 in Fighting
   100 | D:1      | Learned a level 1 spell: Animate Skeleton
   254 | D:1      | Found a shattered altar of Ashenzari.
   262 | D:1      | Became a worshipper of Ashenzari the Shackled
   519 | D:1      | Gained mutation: You sometimes gain a little power by taking damage. [demonic ancestry]
   519 | D:1      | Reached XP level 2. HP: 20/22 MP: 3/5
   988 | D:2      | Noticed Robin
  1094 | D:1      | Gained mutation: Your flesh is heat resistant. [demonic ancestry]
  1094 | D:1      | Reached XP level 3. HP: 21/28 MP: 3/6
  1154 | D:1      | Learned a level 3 spell: Vampiric Draining
  1860 | D:2      | Killed from afar by Robin

Vault maps used:
D:1:      minmay_arrival_semitransparent, minmay_misc_feat_four_crosses,
          ashenzari_altar_1
D:2:      uniq_sigmund, uniq_robin

Skill      XL: |  1  2 |
---------------+-------+-----
Fighting       | 1 2 |  2.7
Dodging        | |  1.7
Stealth        | |  1.7
Spellcasting   | |  2.1
Necromancy     | |  4.6

Action                   || total
-------------------------++-------
Melee: Club              ||    16
Throw: Stone             ||     4
       Javelin           ||     8
 Cast: Pain              ||    44
       Animate Skeleton  ||    11
       Vampiric Draining ||     1
  Use: Potion            ||     1
  Eat: Chunk             ||     4
